Gorbo, lawful male dwarven Archeologist ------------- |...........| |...........| |.....>.....-############ --------- |...........| @ |........ ------------- #Q........| ###|........ -.---.--- # # ################### --------.------- |..............| |.....|..#.....| |............<.| ---------------- Gorbo the Field Worker Experience level: 5 Strength: 13 Dexterity: 10 Constitution: 13 Intelligence: 14 Wisdom: 16 Charisma: 10 Health: 0(36) Energy: 28(28) AC: 9 Gold: 951 Moves: 1923 Your Inventory: Coins $ - 951 gold pieces Weapons a - an uncursed +2 bullwhip (weapon in hand) Armor b - an uncursed +0 leather jacket (being worn) c - an uncursed +0 fedora (being worn) m - an [uncursed +0] dwarvish mithril-coat n - an [uncursed +0] apron [alchemy smock] Comestibles d - 5 uncursed food rations i - 3 [uncursed stale] eggs k - 2 [uncursed] tripe rations o - an [uncursed] fortune cookie Scrolls r - an [uncursed] scroll labeled SODALG [of enchant armor] w - an [uncursed] scroll labeled VELOX NEB [of enchant weapon] Spellbooks x - an [uncursed] stapled spellbook [of polymorph] Potions j - an [uncursed] clear potion [of water] v - an [uncursed] brown potion [of levitation] z - a [blessed] potion of oil A - a [cursed] muddy potion [of see invisible] B - an [uncursed] white potion [of sleeping] Rings l - an [uncursed] twisted ring [of free action] p - a [cursed -3] citrine ring [of increase damage] Tools f - an uncursed tinning kit (0:89) h - an uncursed sack u - an [uncursed] pair of lenses Gems g - an uncursed touchstone Contents of the sack: an uncursed +0 pick-axe Spells known in the end: Name Level Category Fail Memory Your skills at the end: Fighting Skills Weapon Skills pick-axe [Basic / Expert] sling [Basic / Skilled] whip [Basic / Expert] Spellcasting Skills Final Attributes: You were devoutly aligned. Hunger level was 763. Your alignment was 18 / 19. Monster difficulty range was 1 - 6. Level difficulty was 7. You were hallucinating. You had infravision. You were stealthy. You were a werewolf. You were fast. Your luck was zero. You are dead. Vanquished creatures: a black light a pony 4 hill orcs a rothe a centipede an iguana 2 coyotes a giant rat a cave spider a gnome zombie 2 geckos 6 jackals 2 foxes a grid bug a lichen a kobold zombie 2 newts and a partridge in a pear tree 29 creatures vanquished. Voluntary challenges: You were an atheist. You used a wielded weapon 47 times. You read items or engraved 5 times. You put on armor 2 times. You never genocided any monsters. You never polymorphed an object. You never changed form. You used no wishes. You wrote Elbereth's name 2 times. You never encountered a bones level. You never used any Sokoban shortcuts. Dungeon overview: The Dungeons of Doom: levels 1 to 7 Level 1 a long staircase Level 3 a fountain a long staircase Level 5 some fountains, a sink Level 6 a potion shop Level 7 <- You were here a sink History has recorded: On T:1 you entered the Dungeons of Doom to retrieve the Amulet of Yendor! On T:212 you reached level 2 of The Dungeons of Doom. On T:390 you advanced to experience level 2. On T:480 you reached level 3 of The Dungeons of Doom. On T:482 you advanced to experience level 3. On T:695 you reached level 4 of The Dungeons of Doom. On T:705 you advanced to experience level 4. On T:1159 you reached level 5 of The Dungeons of Doom. On T:1393 you reached level 6 of The Dungeons of Doom. On T:1637 you advanced to experience level 5. On T:1733 you reached level 7 of The Dungeons of Doom. Latest messages: [HP-5=29] You hit the barbed devil. The giant pigmy bites! You feel feverish. [HP-6=23] You miss the quasit. The verbal jabberwock bites! [HP-9=14] You miss the white rabbit. The flamingo sphere bites! [HP-9=5] You don't have that object. You write with your fingers into the dust. The gray goo bites! [HP-3=2] You wipe out the message that was written in the dust here. You write with your fingers into the dust. The snake bites! You die... Final status: Goodbye Gorbo the Archeologist... You died in The Dungeons of Doom on dungeon level 7 with 1488 points, and 951 pieces of gold, after 1923 moves. You were level 5 with a maximum of 36 hit points when you died.